 Dungeon Crawl Stone Soup version 0.20.1-1-g8b1a95d (webtiles) character file.

342 ZaListios the Chopper (level 6, -4/53 HPs)
             Began as a Hill Orc Fighter on Nov 4, 2017.
             Was an Initiate of Dithmenos.
             Slain by a gnoll
             ... wielding a +0 halberd
              (7 damage)
             ... on level 5 of the Dungeon.
             The game lasted 00:25:33 (4136 turns).

ZaListios the Chopper (Hill Orc Fighter)            Turns: 4136, Time: 00:25:33

Health: -4/53      AC:  8    Str: 19    XL:     6   Next: 57%
Magic:  6/6        EV:  8    Int: 10    God:    Dithmenos [......]
Gold:   149        SH:  9    Dex: 10    Spells: 5/5 levels left

rFire    . . .     SeeInvis .   a - +1 war axe
rCold    . . .     Gourm    .   c - +0 shield
rNeg     . . .     Faith    .   b - +0 scale mail
rPois    .         Spirit   .   (no helmet)
rElec    .         Reflect  .   (no cloak)
rCorr    .         Harm     .   (no gloves)
MR       .....                  s - +0 pair of boots
Stlth    ..........             (no amulet)
Regen    0.2/turn               (no ring)
MPRegen  0.1/turn               (no ring)

@: no status effects
A: no striking features
a: Renounce Religion


You were on level 5 of the Dungeon.
You worshipped Dithmenos.
Dithmenos was noncommittal.
You were hungry.

You visited 1 branch of the dungeon, and saw 5 of its levels.

You collected 149 gold pieces.

Inventory:

Hand Weapons
 a - a +1 war axe (weapon)
Armour
 b - a +0 scale mail (worn)
 c - a +0 shield (worn)
 s - a +0 pair of boots (worn)
Jewellery
 e - an uncursed ring of magical power
 m - a +2 ring of slaying {unknown}
 q - an uncursed ring of protection from cold {unknown}
Wands
 h - a wand of confusion (31/48)
Scrolls
 k - 2 scrolls of remove curse
 p - 2 scrolls of teleportation
 u - a scroll of fear {unknown}
Potions
 d - 2 potions of might
 i - a potion of lignification
 l - 2 potions of curing
 n - a potion of agility {unknown}
 r - a potion of mutation {unknown}
Comestibles
 f - 4 bread rations
 g - a meat ration
 j - 6 fruits
 o - 3 royal jellies


   Skills:
 + Level 4.5 Fighting
 + Level 5.1 Axes
 + Level 4.8 Armour
 + Level 1.2 Dodging
 + Level 0.1 Stealth
 + Level 4.9 Shields


You had 5 spell levels left.
You didn't know any spells.

Dungeon Overview and Level Annotations

Branches:
Dungeon (5/15)
 Temple: D:4-7

Altars:
Dithmenos
Fedhas
Nemelex Xobeh
Ru
Trog
Uskayaw
Xom
Yredelemnul


Message History

The worker ant bites you but does no damage.
The worker ant barely misses you.
Things that are here:
a spear; a gnoll corpse You hit the worker ant but do no damage.
The worker ant is severely wounded.
The gnoll barely misses you. You block the worker ant's attack.
You slash the worker ant!
You kill the worker ant!
Dithmenos accepts your kill.
Your Axes skill increases to level 5!
You block the gnoll's attack.
The gnoll hits you from afar with a halberd.
* * * LOW HITPOINT WARNING * * *
The gnoll hits you from afar with a halberd!
* * * LOW HITPOINT WARNING * * *
The gnoll hits you from afar with a halberd.
* * * LOW HITPOINT WARNING * * *
The gnoll hits you from afar with a halberd!
You die...

#### ..... ##...
# ... #.#####.#
. #.#...@.# ..
#.......# ..#
#####.g)).#...#
...!............
###.......#.##.#
##......#.#
#.###### # #. .


You could see a gnoll.

Vanquished Creatures
  A hound (D:4)
  An orc wizard (D:4)
  3 worker ants
  3 gnolls (D:5)
  9 adders
  An adder skeleton (D:4)
  3 worms
  4 dart slugs
  3 leopard geckos
  4 orcs
  3 ball pythons
  5 giant cockroaches
  8 goblins
  8 hobgoblins
  6 jackals
  8 kobolds
  A quokka (D:3)
  6 bats
  5 frilled lizards
  7 rats
89 creatures vanquished.

Notes
Turn   | Place    | Note
-------+----------+-------------------------------------------
     0 | D:1      | ZaListios the Hill Orc Fighter began the quest for the Orb.
     0 | D:1      | Reached XP level 1. HP: 19/19 MP: 1/1
   143 | D:1      | Reached XP level 2. HP: 24/27 MP: 2/2
   593 | D:1      | Reached skill level 3 in Axes
   804 | D:2      | Reached XP level 3. HP: 32/33 MP: 3/3
  1196 | D:2      | Reached XP level 4. HP: 40/40 MP: 4/4
  1430 | D:2      | Reached skill level 1 in Dodging
  2037 | D:3      | Found a bloodstained altar of Trog.
  2105 | D:3      | Reached XP level 5. HP: 37/46 MP: 5/5
  2124 | D:3      | Found a faded altar of an unknown god.
  2124 | D:3      | Found a blossoming altar of Fedhas.
  2219 | D:3      | Found a faded altar of an unknown god.
  2228 | D:3      | Found a sacrificial altar of Ru.
  2230 | D:3      | Found a hide-covered altar of Uskayaw.
  2296 | D:3      | Became a worshipper of Ru the Awakened
  2431 | D:3      | Reached skill level 4 in Axes
  2744 | D:3      | Found a sparkling altar of Nemelex Xobeh.
  2881 | D:3      | Found a shimmering altar of Xom.
  3198 | D:4      | Reached XP level 6. HP: 38/53 MP: 6/6
  3562 | D:4      | Found a shadowy altar of Dithmenos.
  3600 | D:4      | Fell from the grace of Ru
  3604 | D:4      | Became a worshipper of Dithmenos the Shadowed
  4065 | D:3      | Found a basalt altar of Yredelemnul.
  4118 | D:5      | Entered Level 5 of the Dungeon
  4132 | D:5      | Reached skill level 5 in Axes
  4136 | D:5      | Slain by a gnoll

Skill      XL: |  1  2  3  4  5  6 |
---------------+-------------------+-----
Axes           | 3 4 5 |  5.1
Fighting       | 4 |  4.5
Shields        | 4 |  4.9
Dodging        | 1 |  1.2
Armour         | 4 |  4.8
Stealth        | |  0.1

Action                   |  1- 3 |  4- 6 || total
-------------------------+-------+-------++-------
Melee: War axe           |   114 |   201 ||   315
Invok: Renounce Religion |       |     1 ||     1
  Use: Scroll            |     4 |     5 ||     9
  Eat: Chunk             |     1 |     9 ||    10
Armor: Scale mail        |    50 |   101 ||   151
Dodge: Dodged            |    40 |    83 ||   123
Block: Shield            |    66 |   134 ||   200
